 Dungeon Crawl Stone Soup version 0.25-a0-246-g58704a1ebd (webtiles) character file.

Game seed: 8925714405655327001, levelgen mode: deterministic

39938 D1HalberdGnoll the Spear-Bearer (level 14, -2/117 (118) HPs)
             Began as a Merfolk Skald on Dec 2, 2019.
             Was a High Priest of Okawaru.
             Slain by a spiny frog (18 damage)
             ... on level 6 of the Lair of Beasts on Dec 3, 2019.
             The game lasted 00:45:54 (26036 turns).

D1HalberdGnoll the Spear-Bearer (Merfolk Skald)    Turns: 26036, Time: 00:45:54

HP:   -2/117 (118)  AC:  9    Str: 16    XL:     14   Next: 8%
MP:   23/23         EV: 19    Int: 13    God:    Okawaru [*****.]
Gold: 1204          SH:  0    Dex: 17    Spells: 18/25 levels left

rFire    + . .     SeeInvis .   S - +11 rapier of Blood {holy, rElec Str-3 Dex+3}
rCold    + . .     Gourm    .   (no shield)
rNeg     . . .     Faith    .   G - +1 troll leather armour
rPois    +         Spirit   .   (no helmet)
rElec    +         Reflect  .   T - +0 cloak "Vuacabuo" {+Fly rPois rF+ Slay+3}
rCorr    .         Harm     .   t - +0 pair of gloves
MR       +....                  b - +0 pair of boots
Stlth    +.........             n - amulet of magic regeneration
HPRegen  0.69/turn              o - ring of protection from cold
MPRegen  0.43/turn              M - +4 ring of strength

@: lethally poisoned (-2 -> -19), studying Stealth
A: change form in water, swift swim, stealthy swim
a: Heroism, Finesse, Renounce Religion, Evoke Flight


You were on level 6 of the Lair of Beasts.
You worshipped Okawaru.
Okawaru was extremely pleased with you.
You were not hungry.

You visited 3 branches of the dungeon, and saw 18 of its levels.
You also visited: Ossuary.

You collected 1204 gold pieces.

Inventory:

Hand Weapons
 y - a +3 scimitar of flaming
   (You found it on level 8 of the Dungeon)
 F - a +4 glaive
   (You took it off an orc warrior on level 10 of the Dungeon)
 S - the +11 rapier of Blood (weapon) {holy, rElec Str-3 Dex+3}
   (You found it on level 4 of the Lair of Beasts)

   It has been blessed by the Shining One to cause great damage to the undead
   and demons.
   It affects your strength (-3).
   It affects your dexterity (+3).
   It insulates you from electricity.
Missiles
 k - 6 atropa-tipped darts (quivered)
 H - a throwing net {!f}
Armour
 b - a +0 pair of boots (worn)
   (You found it on level 1 of the Lair of Beasts)
 t - a +0 pair of gloves (worn)
   (You found it on level 9 of the Dungeon)
 G - a +1 troll leather armour (worn)
   (You found it on level 11 of the Dungeon)
 K - the +6 buckler of Sorcery {*Contam rF+ MR+ Int+3}
   (You acquired it on level 3 of the Lair of Beasts)

   It affects your intelligence (+3).
   It protects you from fire.
   It affects your resistance to hostile enchantments.
   It causes magical contamination when unequipped.
 T - the +0 cloak "Vuacabuo" (worn) {+Fly rPois rF+ Slay+3}
   (Okawaru gifted it to you on level 6 of the Lair of Beasts)

   It affects your accuracy and damage with ranged weapons and melee attacks
   (+3).
   It protects you from fire.
   It protects you from poison.
   It lets you fly.
Jewellery
 n - an amulet of magic regeneration (around neck)
   (You found it on level 5 of the Dungeon)
 o - a ring of protection from cold (left hand)
   (You found it on level 2 of the Dungeon)
 M - a +4 ring of strength (right hand)
   (You found it on level 2 of the Lair of Beasts)
Wands
 d - a wand of iceblast (7)
   (You found it on level 3 of the Lair of Beasts)
 r - a wand of polymorph (24)
   (You took it off Duvessa on level 6 of the Dungeon)
 v - a wand of digging (8)
   (You took it off a crimson imp on level 9 of the Dungeon)
 x - a wand of acid (8)
   (You found it on level 5 of the Dungeon)
 B - a wand of enslavement (6)
   (You took it off an orc on level 9 of the Dungeon)
 E - a wand of scattershot (6)
   (You found it on level 6 of the Lair of Beasts)
Scrolls
 g - 9 scrolls of remove curse {@r2}
 h - 7 scrolls of identify {@r1}
 q - 3 scrolls of blinking
 w - 2 scrolls of magic mapping
 z - 3 scrolls of fog
 C - 2 scrolls of immolation {!r}
 D - 6 scrolls of teleportation {@r4}
 J - a scroll of brand weapon
 Q - a scroll of acquirement
 R - a scroll of silence
Potions
 a - 3 potions of flight
 c - a potion of brilliance
 f - 4 potions of lignification {!q}
 i - a potion of might
 j - 3 potions of mutation {!q}
 l - 2 potions of magic
 p - 5 potions of agility
 s - 2 potions of cancellation
 A - 6 potions of haste {@q3}
 I - a potion of berserk rage
 N - 3 potions of curing {@q1}
 O - a potion of ambrosia
Books
 u - a manual of Stealth {!d}
   (You found it on level 1 of the Lair of Beasts)
Miscellaneous
 m - a lamp of fire (inert)
   (You found it on level 1 of the Lair of Beasts)
 L - a sack of spiders
Comestibles
 e - 29 rations {!d}
 P - 6 chunks of flesh


   Skills:
 + Level 13.0 Fighting
 - Level 14.0 Polearms
 + Level 6.2 Armour
 - Level 10.0 Dodging
 + Level 4.5 Shields
 * Level 6.4 Spellcasting
 - Level 8.1 Charms
 - Level 10.0 Invocations
 - Level 5.0 Evocations


You had 18 spell levels left.
You knew the following spells:

 Your Spells              Type           Power        Failure   Level  Hunger
a - Infusion              Chrm           ####         1%          1    None
e - Regeneration          Chrm/Necr      ##........   11%         3    ###....
t - Spectral Weapon       Hex/Chrm       ##......     11%         3    ###....

Your spell library contained the following spells:

 Spells                   Type           Power        Failure   Level  Hunger
 Song of Slaying          Chrm           ####....     1%          2    #......
 Shroud of Golubria       Chrm/Tloc      ##....       5%          2    #......
 Animate Skeleton         Necr           N/A          19%         1    None
 Apportation              Tloc           #.....       19%         1    None
 Beastly Appendage        Tmut           #.....       19%         1    None
 Confusing Touch          Hex            #.....       19%         1    None
 Sandblast                Erth           #.....       19%         1    None
 Summon Small Mammal      Summ           #...         19%         1    None
 Ensorcelled Hibernation  Hex/Ice        #.....       28%         2    #......
 Passwall                 Tmut/Erth      #.......     28%         2    #......
 Sticks to Snakes         Tmut           #.......     28%         2    #......
 Sublimation of Blood     Necr           #.........   28%         2    #......
 Ignite Poison            Fire/Tmut/Pois #.......     50%         3    ###....
 Spider Form              Tmut/Pois      #.........   50%         3    ###....
 Static Discharge         Conj/Air       #.......     50%         3    ###....
 Stone Arrow              Conj/Erth      #.....       50%         3    ###....
 Ice Form                 Ice/Tmut       #.......     88%         4    ####...
 Petrify                  Tmut/Erth      #.......     88%         4    ####...
 Alistair's Intoxication  Tmut/Pois      #.......     99%         5    ######.
 Blade Hands              Tmut           #.........   99%         5    ######.
 Borgnjor's Vile Clutch   Necr/Erth      #.........   99%         5    ######.
 Irradiate                Conj/Tmut      #.........   99%         5    ######.
 Lee's Rapid Deconstruct  Erth           #.........   99%         5    ######.
 Lightning Bolt           Conj/Air       #.........   99%         5    ######.
 Silence                  Hex/Air        #.........   99%         5    ######.
 Darkness                 Hex            #.........   100%        6    #######
 Eringya's Noxious Bog    Tmut/Pois      #.........   100%        6    #######
 Shadow Creatures         Summ           N/A          100%        6    #######
 Ignition                 Fire           #.........   100%        8    #######
 Shatter                  Erth           #.........   100%        9    #######
 Tornado                  Air            #.........   100%        9    #######


Dungeon Overview and Level Annotations

Branches:
Dungeon (11/15)            Temple (1/1) D:4            Lair (6/6) D:11
 Shoals (0/4) Lair:3       Spider (0/4) Lair:4      Ossuary (visited)
  Slime: Lair:5-6       Orc: D:9-12

Altars:
Ashenzari
Cheibriados
Dithmenos
Elyvilon
Fedhas
Gozag
Hepliaklqana
Kikubaaqudgha
Makhleb
Nemelex Xobeh
Okawaru
Qazlal
Ru
Sif Muna
Trog
Uskayaw
Vehumet
Wu Jian
Xom
Yredelemnul
Zin
The Shining One
Jiyva

Shops:
D:5 }   D:7 }

Annotations:
D:2 1 runed translucent door, Crazy Yiuf
D:6 exclusion: upstairs
Lair:6 1 runed translucent door


Message History

You puncture the spiny frog! The spiny frog stings you!
* * * LOW HITPOINT WARNING * * *
You puncture the spiny frog! The spiny frog closely misses you.
You puncture the spiny frog!
You kill the spiny frog!
Okawaru accepts your kill.
You impale the crocodile!! The crocodile barely misses you.
You puncture the crocodile!
You kill the crocodile!
Okawaru accepts your kill.
Items here: ÷÷ ††† a crocodile corpse; a spiny frog corpse; a water moccasin corpse a hydra skeleton; a wolf skeleton You butcher the crocodile corpse.
P - 10 chunks of flesh (gained 3)
Items here: ÷÷÷ †† a crocodile skeleton; a spiny frog corpse; a water moccasin corpse a hydra skeleton; a wolf skeleton You start resting.
You feel like a meek peon again.
Some of the chunks of flesh in your inventory have rotted away. x2
A spiny frog comes into view.
A spiny frog is nearby!
The spiny frog gives a loud, deep croak!
The spiny frog stings you!
You hit the spiny frog. The spiny frog stings you.
You impale the spiny frog!! The spiny frog barely misses you.
The spiny frog stings you!!
* * * LOW HITPOINT WARNING * * *
You are poisoned.
The spiny frog poisons you!
You barely miss the spiny frog.
You feel very sick. The spiny frog stings you!
* * * LOW HITPOINT WARNING * * *
You puncture the spiny frog!
You feel sick. The spiny frog stings you!
* * * LOW HITPOINT WARNING * * *
You are lethally poisoned!
The spiny frog poisons you! The spiny frog misses you.
Aim: a spiny frog (almost dead)
The bolt of acid misses the spiny frog.
The bolt of acid hits the plant!
The plant is splashed with acid.
The acid corrodes the plant!
* * * LOW HITPOINT WARNING * * *
You feel very sick. The spiny frog closely misses you.
You hit the spiny frog.
* * * LOW HITPOINT WARNING * * *
You feel very sick. The spiny frog stings you!!
You die...

###...............
#.#...........P...
##............P...
###...P..........
##.....#.......#
#.......##P#P##.
#...÷..## ####
##F.<....#
#@#.....##
####.....###
#....#..##
##...P...P#### #
#.#..........##.
##..÷..÷........
##............#
#....#.##.....#
##.....###.....


You could see a spiny frog.

Vanquished Creatures
  7 hydras
  A manticore (D:11)
  An ugly thing (D:11)
  6 elephants (Lair:3)
  A merfolk siren (Lair:3)
  6 black mambas
  A gargoyle (D:9)
  9 komodo dragons
  15 spiny frogs
  2 trolls (D:11)
  A polar bear (Lair:6)
  2 hornets (Lair:2)
  24 blink frogs
  8 dream sheep
  8 hippogriffs
  Sigmund (D:3)
  A shadow (D:10)
  3 wyverns
  A spriggan (D:10)
  15 yaks
  2 basilisks
  2 vampire mosquitoes (Lair:6)
  A hungry ghost (D:11)
  14 water moccasins
  15 porcupines
  Duvessa (D:6)
  3 orc warriors
  4 phantoms
  A sky beast (D:9)
  6 necrophages
  3 ice beasts
  A black bear (D:9)
  2 ogres
  2 centaurs
  16 crocodiles
  6 wolves
  A big kobold (D:10)
  A wyvern zombie (D:7)
  20 bullfrogs
  2 wyvern skeletons
  5 scorpions
  Dowan (D:6)
  2 electric eels (Lair:1)
  3 howler monkeys (D:8)
  A bullfrog zombie (D:10)
  7 crimson imps
  2 jellies (D:6)
  9 hounds
  3 orc priests
  2 centaur skeletons
  2 bullfrog skeletons
  A gnoll shaman (D:5)
  5 orc wizards
  Jessica (D:3)
  6 iguanas
  Terence (D:2)
  Natasha (thrice) (D:3)
  4 worker ants
  6 hell rats (Lair:5)
  A hound skeleton (D:9)
  5 mummies (D:4)
  4 gnolls
  15 adders
  A river rat (D:11)
  4 shadow imps
  An ooze (D:2)
  An adder zombie (D:5)
  2 adder skeletons (D:4)
  2 worms
  3 leopard geckos
  25 orcs
  6 ball pythons
  3 giant cockroaches
  A gnoll zombie (Ossuary)
  4 goblins (D:1)
  9 hobgoblins
  2 jackals (D:9)
  9 kobolds
  5 quokkas
  12 bats
  7 frilled lizards
  2 goblin zombies (D:4)
  A hobgoblin zombie (Ossuary)
  3 kobold zombies (Ossuary)
  A leopard gecko skeleton (D:4)
  2 orc zombies (Ossuary)
  8 rats
  A spectral orc (D:4)
420 creatures vanquished.

Vanquished Creatures (collateral kills)
  A troll (D:9)
  2 jackals (D:9)
3 creatures vanquished.

Vanquished Creatures (others)
  Erica (D:8)
  A hornet (Lair:2)
  14 fungi
  61 plants
  A spectral weapon (Lair:3)
78 creatures vanquished.

Grand Total: 501 creatures vanquished

Notes
Turn   | Place    | Note
-------+----------+-------------------------------------------
     0 | D:1      | D1HalberdGnoll the Merfolk Skald began the quest for the
                  | Orb.
     0 | D:1      | Reached XP level 1. HP: 16/16 MP: 3/3
   133 | D:1      | Reached XP level 2. HP: 23/23 MP: 5/5
   300 | D:1      | Reached skill level 1 in Armour
   757 | D:1      | Reached XP level 3. HP: 23/28 MP: 6/6
  1000 | D:2      | Found a shadowy altar of Dithmenos.
  1021 | D:2      | Reached skill level 4 in Polearms
  1459 | D:2      | Reached XP level 4. HP: 34/34 MP: 7/7
  1975 | D:2      | Found a runed translucent door.
  1976 | D:2      | Noticed Crazy Yiuf
  2106 | D:2      | Found a faded altar of an unknown god.
  2547 | D:3      | Noticed Sigmund
  2548 | D:3      | Noticed Jessica
  2689 | D:3      | Noticed Terence
  2721 | D:2      | Killed Terence
  2721 | D:2      | Reached skill level 5 in Polearms
  2721 | D:2      | Reached XP level 5. HP: 26/41 MP: 0/8
  3361 | D:3      | Noticed Natasha
  3371 | D:3      | Killed Natasha
  3408 | D:3      | Noticed Natasha
  3443 | D:3      | Killed Natasha
  3743 | D:3      | Killed Jessica
  3743 | D:3      | Reached skill level 6 in Polearms
  3743 | D:3      | Reached XP level 6. HP: 47/47 MP: 9/9
  3871 | D:3      | Found a glowing silver altar of Zin.
  4008 | D:3      | Noticed Natasha
  4296 | D:3      | Killed Sigmund
  4417 | D:3      | Killed Natasha
  4417 | D:3      | Reached skill level 7 in Polearms
  4417 | D:3      | Reached XP level 7. HP: 34/53 MP: 10/10
  5021 | D:4      | Found a sand-covered staircase.
  5041 | Ossuary  | Entered an ossuary
  5077 | Ossuary  | Reached skill level 5 in Dodging
  5868 | D:4      | Found a staircase to the Ecumenical Temple.
  5878 | Temple   | Entered the Ecumenical Temple
  6121 | Temple   | Became a worshipper of Warmaster Okawaru
  6771 | D:4      | Reached skill level 8 in Polearms
  6771 | D:4      | Reached skill level 1 in Invocations
  7313 | D:4      | Found a shimmering blue altar of Sif Muna.
  7356 | D:4      | Found a basalt altar of Yredelemnul.
  7451 | D:5      | Entered Level 5 of the Dungeon
  7565 | D:5      | Reached XP level 8. HP: 61/61 MP: 5/11
  7930 | D:5      | Found a shattered altar of Ashenzari.
  8319 | D:5      | Found Esymonim's Gadget Shoppe.
  8692 | D:5      | Reached skill level 5 in Fighting
  8846 | D:4      | Reached skill level 9 in Polearms
  8991 | D:5      | Found a hide-covered altar of Uskayaw.
  8991 | D:5      | Found a shimmering altar of Xom.
  8992 | D:5      | Found an opulent altar of Gozag.
  9469 | D:6      | Reached * piety under Okawaru
  9663 | D:6      | Found a burning altar of Makhleb.
  9751 | D:6      | Found a bloodstained altar of Trog.
  9751 | D:6      | Found a glowing golden altar of the Shining One.
  9824 | D:6      | Reached skill level 10 in Polearms
  9824 | D:6      | Reached XP level 9. HP: 30/68 MP: 8/12
 10093 | D:5      | Noticed a rust devil
 10093 | D:5      | Noticed a rust devil
 10116 | D:7      | Noticed Duvessa
 10116 | D:7      | Noticed Dowan
 10128 | D:6      | Killed Dowan
 10134 | D:6      | Killed Duvessa
 10867 | D:7      | Found Alecu's Gadget Shoppe.
 11261 | D:7      | Reached ** piety under Okawaru
 11809 | D:8      | Reached skill level 11 in Polearms
 12728 | D:8      | Found a snail-covered altar of Cheibriados.
 12729 | D:8      | Found a stormy altar of Qazlal.
 12729 | D:8      | Noticed Erica
 12752 | D:8      | Killed Erica
 12752 | D:8      | Reached XP level 10. HP: 37/77 MP: 13/13
 13219 | D:8      | Reached skill level 12 in Polearms
 13219 | D:8      | Reached skill level 5 in Invocations
 13562 | D:9      | Noticed a cyclops
 13627 | D:9      | Noticed a gargoyle
 13727 | D:9      | Reached *** piety under Okawaru
 14413 | D:9      | Killed a gargoyle
 14586 | D:10     | Entered Level 10 of the Dungeon
 14949 | D:10     | Reached skill level 13 in Polearms
 15039 | D:10     | Reached skill level 5 in Armour
 15157 | D:10     | Reached **** piety under Okawaru
 15523 | D:11     | Found a staircase to the Lair.
 15523 | D:11     | Noticed a death yak
 15524 | D:11     | Noticed a death yak
 15526 | D:11     | Noticed a death yak
 15527 | D:11     | Reached XP level 11. HP: 67/86 MP: 12/15
 16505 | D:11     | Noticed a manticore
 16518 | D:11     | Killed a manticore
 16518 | D:11     | Reached skill level 14 in Polearms
 16839 | D:11     | Got a faintly glowing whip
 16862 | D:11     | Identified the +8 whip of Mourning {venom, rC+ Str+2
                  | Stlth+} (You found it on level 11 of the Dungeon)
 16864 | D:11     | Noticed a purple ugly thing
 16875 | D:11     | Killed a purple ugly thing
 17250 | D:11     | Reached skill level 10 in Dodging
 17302 | Lair:1   | Entered Level 1 of the Lair of Beasts
 17474 | Lair:1   | Reached ***** piety under Okawaru
 17474 | Lair:1   | Received a gift from Okawaru
 18284 | Lair:1   | Noticed a seven-headed hydra
 18300 | Lair:1   | HP: 4/89 [seven-headed hydra (6)]
 18301 | Lair:1   | Killed a seven-headed hydra
 18301 | Lair:1   | Reached skill level 1 in Evocations
 18924 | Lair:2   | Got a scorched falchion
 19125 | Lair:2   | Identified the cursed +1 falchion of Benevolence {freeze,
                  | *Noise rN++ Dex+6} (You found it on level 2 of the Lair of
                  | Beasts)
 19239 | Lair:2   | Received a gift from Okawaru
 19256 | Lair:2   | Reached skill level 5 in Charms
 19398 | Lair:2   | Reached XP level 12. HP: 90/96 MP: 18/18
 19432 | Lair:2   | Learned a level 3 spell: Regeneration
 19436 | Lair:2   | Learned a level 3 spell: Spectral Weapon
 19759 | Lair:2   | Noticed a five-headed hydra
 19768 | Lair:2   | Killed a one-headed hydra
 19810 | Lair:2   | Noticed a five-headed hydra
 19820 | Lair:2   | Killed a one-headed hydra
 19820 | Lair:2   | Reached skill level 10 in Invocations
 20376 | Lair:3   | Reached skill level 10 in Fighting
 21068 | Lair:3   | Reached skill level 5 in Evocations
 21737 | Lair:3   | Found a staircase to the Shoals.
 21960 | Lair:3   | Identified a scroll of acquirement
 21961 | Lair:3   | Got a distressingly furry buckler
 21962 | Lair:3   | Identified the +6 buckler of Sorcery {*Contam rF+ MR+
                  | Int+3} (You acquired it on level 3 of the Lair of Beasts)
 22010 | Lair:3   | Reached XP level 13. HP: 70/106 MP: 13/20
 22416 | Lair:3   | Received a gift from Okawaru
 22419 | Lair:3   | Got a smoking scale mail {god gift}
 22430 | Lair:3   | Identified the +5 scale mail of the True Pharaoh {Int+2}
                  | (Okawaru gifted it to you on level 3 of the Lair of Beasts)
 22890 | Lair:4   | Reached skill level 1 in Shields
 23088 | Lair:4   | Found a hole to the Spider Nest.
 23340 | Lair:4   | Got an ancient rapier
 23343 | Lair:4   | Identified the +11 rapier of Blood {holy, rElec Str-3
                  | Dex+3} (You found it on level 4 of the Lair of Beasts)
 24933 | Lair:5   | Reached skill level 5 in Spellcasting
 25418 | Lair:6   | Entered Level 6 of the Lair of Beasts
 25471 | Lair:6   | Found a runed translucent door.
 25473 | Lair:6   | Found a viscous altar of Jiyva.
 25775 | Lair:6   | Received a gift from Okawaru
 25778 | Lair:6   | Got a twisted cloak {god gift}
 25784 | Lair:6   | Identified the +0 cloak "Vuacabuo" {+Fly rPois rF+ Slay+3}
                  | (Okawaru gifted it to you on level 6 of the Lair of Beasts)
 25807 | Lair:6   | Reached XP level 14. HP: 83/115 MP: 23/23
 26036 | Lair:6   | Slain by a spiny frog

Levels and vault maps discovered:
D:1:      dpeg_arrival_morbid_curiosity, layout_basic
D:2:      layout_loops_ring, grunt_dithmenos_smoke_and_mirrors,
          chequers_ecumenical_altar_lobes, minmay_misc_feat_cross,
          chequers_serial_rivers_micro_a, uniq_crazy_yiuf_cottage
D:3:      layout_loops_ring, zin_academy, first_ration, uniq_natasha,
          uniq_jessica, uniq_sigmund, uniq_terence
D:4:      layout_basic, yredelemnul_forgotten_temple_becter, led_sif_pool,
          minmay_temple_entry_arrows, nicolae_ossuary_entry_giza
D:5:      cheibrodos_iron_armory, layout_gridville,
          gammafunk_temple_overflow_claw, serial_shops, shop,
          cheibrodos_ashenzari_chains
D:6:      layout_basic, makhleb_heckhound_becter,
          amethyst_overflow_temple_binary
D:7:      layout_layer_cave, serial_shops, shop, uniq_duvessa
D:8:      layout_loops_ring, gammafunk_temple_overflow_pools, uniq_erica
D:9:      layout_rooms, minmay_fractal_squares_5
D:10:     layout_loops_ring, the_bakery
D:11:     layout_grid_maze, dpeg_lair_monsters
Temple:   jpeg_temple_alley_garden
Lair:1:   statuecave_lemuel, layout_chaotic_city
Lair:2:   cheibrodos_lair_overgrown_chateau, layout_gridlike
Lair:3:   layout_layer_cave, minmay_shoals_entry_lonely_mermaid,
          beast_lair_carwin_2
Lair:4:   layout_loops_ring, spider_nest_entry_webs, lookout_lair_type,
          infiniplex_staircase_pool_2
Lair:5:   layout_hall_layers, roderic_carrion_pond, lemuel_fruit_tree
Lair:6:   minmay_lair_end_frog_pond, layout_gridlike, slime_altar_2,
          chequers_serial_rivers_micro_a

Skill      XL: |  1  2  3  4  5  6  7  8  9 10 11 12 13 14 |
---------------+-------------------------------------------+-----
Dodging        | 3 4 5 6 8 9 10 | 10.0
Armour         | 1 2 3 4 5 6 |  6.2
Polearms       | 4 5 6 7 8 10 11 13 14 | 14.0
Fighting       | 3 4 5 6 7 9 11 12 13 | 13.0
Invocations    | 1 3 4 6 9 10 | 10.0
Charms         | 5 8 |  8.1
Evocations     | 2 5 |  5.0
Shields        | 4 |  4.5
Spellcasting   | 6 |  6.4

Action                   |  1- 3 |  4- 6 |  7- 9 | 10-12 | 13-15 || total
-------------------------+-------+-------+-------+-------+-------++-------
Melee: Spear             |   129 |   216 |   430 |       |       ||   775
       Trident           |       |       |   264 |   242 |       ||   506
       Glaive            |       |       |       |   469 |   339 ||   808
       Whip              |       |       |       |     5 |       ||     5
       Tailslap          |       |       |       |     1 |     1 ||     2
       Scimitar          |       |       |       |    11 |    18 ||    29
       Rapier            |       |       |       |       |    12 ||    12
       Punch             |       |       |       |       |     1 ||     1
Throw: Dart              |       |    11 |     2 |     6 |       ||    19
 Cast: Infusion          |     3 |    12 |    43 |    36 |     3 ||    97
       Spectral Weapon   |       |       |       |     1 |     2 ||     3
       Regeneration      |       |       |       |       |     2 ||     2
Invok: Heroism           |       |       |     1 |    16 |    13 ||    30
       Finesse           |       |       |       |     6 |     1 ||     7
Evoke: Wand              |       |       |     5 |    22 |     1 ||    28
       Lamp of fire      |       |       |       |     1 |     1 ||     2
  Use: Potion            |       |     2 |     5 |     3 |       ||    10
       Scroll            |       |       |    11 |    17 |     2 ||    30
 Stab: Sleeping          |     2 |       |       |       |       ||     2
       Invisible         |       |     6 |       |       |       ||     6
       Paralysed         |       |       |       |     1 |       ||     1
  Eat: Chunk             |     2 |    10 |     9 |    15 |    10 ||    46
       Ration            |       |       |     5 |     6 |     1 ||    12
Armor: Leather armour    |    31 |     1 |       |     4 |       ||    36
       Ring mail         |       |    35 |   109 |    70 |       ||   214
       Skin              |       |       |    17 |       |       ||    17
       Troll leather arm |       |       |       |    65 |    45 ||   110
Dodge: Dodged            |    61 |    90 |   306 |   557 |   230 ||  1244
       Rpst.: Scimitar   |       |       |       |       |     7 ||     7

Table legend:
 A = Non-vault XP
 B = Vault XP
 C = Vault XP percentage of total XP
 D = Non-vault monster count
 E = Vault monster count
 F = Vault count percentage of total count
                 A         B        C        D         E       F
            +---------+---------+-------+---------+---------+-------
      Total |   46245 |   10810 |  18.9 |     352 |      72 |  17.0
            +---------+---------+-------+---------+---------+-------
        D:1 |      31 |       8 |  20.5 |      17 |       5 |  22.7
        D:2 |     101 |      36 |  26.3 |      21 |       1 |   4.5
        D:3 |     162 |     293 |  64.4 |      23 |       3 |  11.5
        D:4 |     552 |      91 |  14.2 |      17 |       8 |  32.0
        D:5 |     500 |       0 |   0.0 |      13 |       0 |   0.0
        D:6 |     745 |     251 |  25.2 |      20 |       3 |  13.0
        D:7 |     397 |       0 |   0.0 |       6 |       0 |   0.0
        D:8 |    1217 |     555 |  31.3 |      22 |       1 |   4.3
        D:9 |    1654 |     136 |   7.6 |      22 |       3 |  12.0
       D:10 |    1676 |     353 |  17.4 |      23 |       3 |  11.5
       D:11 |    3138 |     308 |   8.9 |      25 |       5 |  16.7
     Lair:1 |    3856 |       0 |   0.0 |      18 |       0 |   0.0
     Lair:2 |    3723 |    4522 |  54.8 |      14 |      16 |  53.3
     Lair:3 |    8801 |    1292 |  12.8 |      32 |       4 |  11.1
     Lair:4 |    6275 |       0 |   0.0 |      27 |       0 |   0.0
     Lair:5 |    7322 |     480 |   6.2 |      31 |       4 |  11.4
     Lair:6 |    6095 |    2477 |  28.9 |      21 |       9 |  30.0
    Ossuary |       0 |       8 | 100.0 |       0 |       7 | 100.0
            +---------+---------+-------+---------+---------+-------
